 Dungeon Crawl Stone Soup version 0.27-a0-1140-g099f9bb0e8 (webtiles) character file.

Game seed: 9733655366999810494

4 crimsonfire the Grave Robber (level 1, -1/14 HPs)
             Began as a Hill Orc Necromancer on May 10, 2021.
             Slain by a jackal (2 damage)
             ... on level 1 of the Dungeon.
             The game lasted 00:02:19 (152 turns).

crimsonfire the Grave Robber (Hill Orc Necromancer)  Turns: 152, Time: 00:02:19

Health: -1/14      AC:  2    Str: 10    XL:     1   Next: 70%
Magic:  0/3        EV: 12    Int: 15    God:
Gold:   0          SH:  0    Dex: 11    Spells: 2/3 levels left

rFire    . . .     SeeInvis .   (no weapon)
rCold    . . .     Faith    .   (no shield)
rNeg     . . .     Spirit   .   a - +0 robe
rPois    .         Reflect  .   (no helmet)
rElec    .         Harm     .   (no cloak)
rCorr    .         Rampage  .   (no gloves)
Will     .....                  (no boots)
Stlth    ++........             (no amulet)
HPRegen  0.04/turn              (no ring)
MPRegen  0.08/turn              (no ring)

@: no status effects
A: no striking features
a: no special abilities


You were on level 1 of the Dungeon.
You visited 1 branch of the dungeon, and saw 1 of its levels.

Inventory:

Armour
 a - a +0 robe (worn)
Scrolls
 b - 2 scrolls of holy word {unknown}
 c - 2 scrolls of vulnerability {unknown}


   Skills:
 + Level 1.5 Dodging
 + Level 1.5 Stealth
 + Level 1.5 Spellcasting
 + Level 4.2 Necromancy


You had 2 spell levels left.
You knew the following spells:

 Your Spells              Type           Power      Damage    Failure   Level
a - Pain                  Necr           56%        1d6       4%          1

Your spell library contained the following spells:

 Spells                   Type           Power      Damage    Failure   Level
 Animate Skeleton         Necr           28%        N/A       4%          1
 Vampiric Draining        Necr           7%         2d7       12%         3
 Animate Dead             Necr           7%         N/A       36%         4
 Agony                    Necr           14%        N/A       73%         5


Dungeon Overview and Level Annotations

Branches:
Dungeon (1/15)

Altars:


Message History

The jackal closely misses you. The jackal barely misses you.
The jackal closely misses you. x2
You closely miss the jackal. The jackal barely misses you.
The jackal misses you. The jackal completely misses you.
You hit the jackal but do no damage. The jackal bites you.
The jackal bites you but does no damage.
The jackal barely misses you. The jackal bites you.
You see here 13 gold pieces.
You hit the jackal.
The jackal is lightly wounded.
The jackal misses you.
The jackal bites you but does no damage.
You hit the jackal.
The jackal is heavily wounded.
The jackal bites you but does no damage.
The jackal misses you. The jackal bites you. The jackal bites you.
* * * LOW HITPOINT WARNING * * *
Casting: Pain (safe; 4% risk of failure)
Confirm with . or Enter, or press ? or * to list all spells.
Aiming: Pain (safe; 4% risk of failure)
Press: ? - help, Shift-Dir - straight line, f - jackal
Aim: a jackal (heavily wounded, chance to affect: 83%)
The jackal writhes in agony.
You kill the jackal!
The jackal bites you but does no damage.
The jackal bites you but does no damage.
The jackal barely misses you. The jackal closely misses you.
The jackal bites you but does no damage.
The jackal misses you.
The jackal bites you but does no damage.
Casting: Pain (safe; 4% risk of failure)
Confirm with . or Enter, or press ? or * to list all spells.
Aiming: Pain (safe; 4% risk of failure)
Press: ? - help, Shift-Dir - straight line, f - jackal
Aim: a jackal (chance to affect: 85%)
The jackal writhes in agony.
The jackal bites you.
You die...

......... ..##.
####........# ..#..
######...........##
#...####.................#
..........†#..#..........#
##.......###.##..........#
.............##h..........
...............h..........
....$.†....#####@.........
...........# ##......##
)$........## #..######
.....#......# ##.##
..#...#####.###..# ######
.####.# #[.)....## #....#
# #.....#..#### ##....#
.... ##...### #.....# #
###...# ######.....#


You could see 2 jackals.

Vanquished Creatures
  A goblin (D:1)
  A jackal (D:1)
  A ball python (D:1)
  A bat (D:1)
  A frilled lizard (D:1)
5 creatures vanquished.

Notes
Turn   | Place    | Note
-------+----------+-------------------------------------------
     0 | D:1      | crimsonfire the Hill Orc Necromancer began the quest for
                  | the Orb.
     0 | D:1      | Reached XP level 1. HP: 14/14 MP: 3/3
   152 | D:1      | Slain by a jackal

Illustrated notes

Levels and vault maps discovered:
D:1:      lightli_arrival_chessboard, layout_rooms,
          ebering_ecumenical_altar_mist, minmay_quantized

Action                   || total
-------------------------++-------
Melee: Unarmed           ||     8
 Cast: Pain              ||     8
Armor: Robe              ||     8
Dodge: Dodged            ||    17

Table legend: (Time is in decaauts)
 A = Elapsed time spent in this place.
 B = Non-inter-level travel time spent in this place.
 C = Inter-level travel time spent in this place.
 D = Time resting spent in this place.
 E = Time spent auto-exploring this place.
 F = Levels seen in this place.
 G = Mean time per level.
                   A        B        C        D        E       F      G
               +--------+--------+--------+--------+--------+-----+--------+
         Total |    152 |    148 |      4 |      0 |    107 |   1 |  152.0 |
       Dungeon |    152 |    148 |      4 |      0 |    107 |   1 |  152.0 |
               +--------+--------+--------+--------+--------+-----+--------+

Top non-repeatable levels by time:
     D:1: 152 daAuts
